 Dungeon Sprint DCSS version 0.20.0-15-g7f486f2 (webtiles) character file.

1341 Naow the Bludgeoner (level 8, -3/69 HPs)
             Began as a Gargoyle Berserker on June 10, 2017.
             Was an Elder of Trog.
             Slain by a demonic crawler (6 damage)
             ... in the Dungeon (Sprint I: "Red Sonja").
             The game lasted 00:02:00 (988 turns).

Naow the Bludgeoner (Gargoyle Berserker)             Turns: 988, Time: 00:02:00

Health: -3/69      AC:  7    Str: 28    XL:     8   Next: 62%
Magic:  8/8        EV: 12    Int:  8    God:    Trog [****..]
Gold:   280        SH:  0    Dex:  9    Spells: 7/7 levels left

rFire    . . .     SeeInvis .   a - +0 mace
rCold    . . .     Gourm    .   (no shield)
rNeg     + . .     Faith    .   b - +0 animal skin
rPois    ∞         Spirit   .   (no helmet)
rElec    +         Reflect  .   (no cloak)
rCorr    .         Harm     .   (no gloves)
MR       .....     NoTele   +   (no boots)
Stlth    ..........             (no amulet)
Regen    0.3/turn               (no ring)
MPRegen  0.2/turn               (no ring)

@: berserking, starving, very quick
A: negative energy resistance 1, electricity resistance, unbreathing,
petrification resistance, rot immunity, AC +5
a: Berserk, Trog's Hand, Brothers in Arms, Burn Spellbooks, Renounce Religion


You were in the Dungeon.
You worshipped Trog.
Trog was greatly pleased with you.
You were starving.

You visited 1 branch You collected 280 gold pieces.

Inventory:

Hand Weapons
 a - a +0 mace (weapon)
Armour
 b - a +0 animal skin (worn)
Scrolls
 i - 2 scrolls of blinking
Potions
 d - a potion of curing
 e - a potion of heal wounds
 f - a potion of haste
 g - 2 potions of magic
 h - a potion of berserk rage
 j - a potion of lignification {unknown}


   Skills:
 - Level 3.2 Fighting
 + Level 17.4 Maces & Flails
 - Level 2.1 Armour
 - Level 1.5 Dodging


You had 7 spell levels left.
You didn't know any spells.

Dungeon Overview and Level Annotations

Branches:
Dungeon (1/1)

Altars:
Makhleb
Sif Muna
Vehumet
Xom
Jiyva
Lugonu


Innate Abilities, Weirdness & Mutations

You are resistant to torment.
Your stone body is resilient. (AC +5)
You are immune to poison.
You resist negative energy. (rN+)
You are resistant to electric shocks. (rElec)
You can survive without breathing.
You are immune to petrification.
You are immune to rotting.


Message History

The demonic crawler hits you.
You bludgeon the demonic crawler!!
The demonic crawler is moderately wounded.
The demonic crawler hits you but does no damage.
The demonic crawler barely misses you. The demonic crawler hits you!
The demonic crawler hits you but does no damage.
The demonic crawler hits you.
* * * LOW HITPOINT WARNING * * *
The demonic crawler closely misses you.
You hit the demonic crawler.
The demonic crawler is moderately wounded.
The demonic crawler hits you.
* * * LOW HITPOINT WARNING * * *
The demonic crawler hits you.
* * * LOW HITPOINT WARNING * * *
The demonic crawler hits you.
* * * LOW HITPOINT WARNING * * *
You are too berserk!
The demonic crawler hits you.
You die...

###################
..#..'..#__#..'.).#
..').#..'..'..#).s##+#
#'#####'#__####.@.ss.#
..# #.#### #####..+
### ##.# ## #..+
+..._# #_.#+# ##+


You could see 3 demonic crawlers.

Vanquished Creatures
  2 kobold demonologists (D)
  A demonic crawler (D)
  A slime creature (D)
  Sigmund (D)
  A floating eye (D)
  An ogre (D)
  A jelly (D)
  Ijyb (D)
9 creatures vanquished.

Vanquished Creatures (others)
  A gargoyle (D)
1 creature vanquished.

Grand Total: 10 creatures vanquished

Notes
Turn   | Place    | Note
-------+----------+-------------------------------------------
     0 | D        | Naow the Gargoyle Berserker began the quest for the Orb.
     0 | D        | Reached XP level 1. HP: 14/14 MP: 1/1
     2 | D        | Noticed Ijyb
    12 | D        | Killed Ijyb
    12 | D        | Reached skill level 6 in Maces & Flails
    12 | D        | Reached XP level 2. HP: 19/19 MP: 2/2
    12 | D        | Reached XP level 3. HP: 23/23 MP: 3/3
    55 | D        | Noticed an ogre
    61 | D        | Killed an ogre
    61 | D        | Reached skill level 9 in Maces & Flails
    61 | D        | Reached XP level 4. HP: 19/28 MP: 4/4
   204 | D        | Killed a gargoyle
   224 | D        | Noticed Sigmund
   231 | D        | Killed Sigmund
   231 | D        | Reached ** piety under Trog
   231 | D        | Reached skill level 12 in Maces & Flails
   231 | D        | Reached XP level 5. HP: 32/32 MP: 5/5
   231 | D        | Reached XP level 6. HP: 37/37 MP: 6/6
   396 | D        | Found a deep blue altar of Sif Muna.
   398 | D        | Found a radiant altar of Vehumet.
   642 | D        | Found a viscous altar of Jiyva.
   642 | D        | Found a corrupted altar of Lugonu.
   642 | D        | Noticed a slime creature
   643 | D        | Found a burning altar of Makhleb.
   643 | D        | Found a shimmering altar of Xom.
   652 | D        | Killed a slime creature
   652 | D        | Reached skill level 14 in Maces & Flails
   652 | D        | Reached XP level 7. HP: 15/41 MP: 7/7
   894 | D        | Noticed a kobold demonologist
   895 | D        | Noticed a kobold demonologist
   896 | D        | Noticed an orange demon
   897 | D        | Paralysed by a floating eye for 3 turns
   899 | D        | Noticed an orange demon
   900 | D        | Noticed a rust devil
   906 | D        | Noticed a neqoxec
   906 | D        | Killed a kobold demonologist
   906 | D        | Reached *** piety under Trog
   906 | D        | Reached skill level 16 in Maces & Flails
   906 | D        | Reached XP level 8. HP: 43/46 MP: 8/8
   910 | D        | Killed a kobold demonologist
   976 | D        | Noticed a demonic crawler
   976 | D        | Noticed a demonic crawler
   976 | D        | Noticed a demonic crawler
   976 | D        | Noticed a demonic crawler
   982 | D        | Killed a demonic crawler
   982 | D        | Reached **** piety under Trog
   982 | D        | Reached skill level 17 in Maces & Flails
   987 | D        | HP: 3/69 [demonic crawler (6)]
   988 | D        | Slain by a demonic crawler

Skill      XL: |  1  2  3  4  5  6  7  8 |
---------------+-------------------------+-----
Maces & Flails | 6 9 12 14 16 17 | 17.4
Fighting       | |  3.2
Armour         | |  2.1
Dodging        | |  1.5

Action                   |  1- 3 |  4- 6 |  7- 9 || total
-------------------------+-------+-------+-------++-------
Melee: Mace              |    14 |    18 |    20 ||    52
Invok: Berserk           |     2 |     3 |     2 ||     7
       Trog's Hand       |       |       |     1 ||     1
  Eat: Bread ration      |       |     1 |       ||     1
Armor: Animal skin       |     1 |     2 |    13 ||    16
Dodge: Dodged            |     3 |     5 |    14 ||    22
